 Dungeon Crawl Stone Soup version 0.21.1-1-g345015f (webtiles) character file.

54 MovingMist the Unweaver (level 3, 0/29 HPs)
             Began as a Demonspawn Abyssal Knight on Mar 4, 2018.
             Was a Follower of Lugonu.
             Succumbed to an adder's poison
             ... on level 1 of the Dungeon.
             The game lasted 00:02:40 (1067 turns).

MovingMist the Unweaver (Demonspawn Abyssal Knight) Turns: 1067, Time: 00:02:41

Health: 0/29       AC: 11    Str: 12    XL:     3   Next: 66%
Magic:  6/6        EV:  5    Int: 13    God:    Lugonu [*.....]
Gold:   58         SH:  0    Dex: 13    Spells: 2/2 levels left

rFire    + . .     SeeInvis .   a - +1 hand axe
rCold    . . .     Gourm    .   (no shield)
rNeg     . . .     Faith    .   g - +0 chain mail
rPois    .         Spirit   .   (no helmet)
rElec    .         Reflect  .   k - +0 cloak
rCorr    .         Harm     .   (no gloves)
MR       .....                  (no boots)
Stlth    ..........             (no amulet)
HPRegen  0.09/turn              (no ring)
MPRegen  0.10/turn              (no ring)

@: lethally poisoned (0 -> -7), flying, hasted, very quick
A: yellow scales 1, fire resistance 1
a: Depart the Abyss, Renounce Religion


You were on level 1 of the Dungeon.
You worshipped Lugonu.
Lugonu was aware of your devotion.
You were hungry.

You visited 1 branch of the dungeon, and saw 2 of its levels.
You visited the Abyss 1 time.

You collected 58 gold pieces.

Inventory:

Hand Weapons
 a - a +1 hand axe (weapon)
Armour
 g - a +0 chain mail (worn)
 k - a +0 cloak (worn)
Jewellery
 j - a +3 ring of dexterity {unknown}
Scrolls
 b - a scroll of fog {unknown}
 d - 2 scrolls of teleportation {unknown}
 e - 2 scrolls of remove curse {unknown}
 f - 2 scrolls of identify {unknown}
Potions
 m - a potion of agility {unknown}
Comestibles
 c - 2 rations


   Skills:
 - Level 3.0 Fighting
 + Level 2.5 Axes
 - Level 1.7 Armour
 - Level 0.8 Dodging
 * Level 4.5 Invocations


You had 2 spell levels left.
You didn't know any spells.

Dungeon Overview and Level Annotations

Branches:
Dungeon (2/15)

Altars:

Annotations:
D:2 Sigmund


Innate Abilities, Weirdness & Mutations

You are partially covered in yellow scales. (AC +2)
Your flesh is heat resistant. (rF+)


Message History

* * * LOW HITPOINT WARNING * * *
You feel sick. The adder barely misses you.
Your chain mail prevents you from hitting the adder.
The adder is almost dead.
The adder closely misses you. The adder bites you but does no damage.
You slash the adder!
You kill the adder!
Lugonu accepts your kill.
* * * LOW HITPOINT WARNING * * *
You feel sick.
* * * LOW HITPOINT WARNING * * *
You feel sick.
There is a staircase leading out of the dungeon here.
Why would you want to do that? Why would you want to do that?
It was a potion of haste.
You feel yourself speed up.
It was a potion of flight.
You feel very buoyant.
You fly up into the air.
You die...

###.###.#.# #.###..####
.....##.#.# #######.#.......#
##........# #.....#.#.##.##.#
...#.##.#.###..)..#.#.##.##.#
...#..#...........#......##.#
..........#.........#.##.##.#
..(≈≈≈≈...#....≈≈≈≈...##.##.#
..≈≈≈≈≈≈......§§≈§≈≈........#
..≈≈≈≈≈≈.....(§§@>≈≈.###.####
#.≈≈≈≈≈≈......§§§≈.≈.# #.#
...≈≈≈≈..####..§§≈≈..# #.#
.#......## ##.......###.#
........# #...........#
.####.#.## ##.#####.#####
.####.#..####..#####.#
....#.##.............#
.##.#.################


There were no monsters in sight!

Vanquished Creatures
  3 adders
  An ooze (D:1)
  A worm (D:2)
  A dart slug (D:1)
  3 bats (D:1)
  2 giant cockroaches
  A goblin (D:1)
  A hobgoblin (D:1)
  3 kobolds
  2 ball pythons
  2 rats
20 creatures vanquished.

Notes
Turn   | Place    | Note
-------+----------+-------------------------------------------
     0 | Abyss:1  | MovingMist the Demonspawn Abyssal Knight began the quest for the Orb.
     0 | Abyss:1  | Reached XP level 1. HP: 18/18 MP: 2/2
    13 | D:1      | Escaped the Abyss
   167 | D:1      | Reached skill level 3 in Invocations
   233 | D:1      | Gained mutation: You are partially covered in yellow scales. (AC +2) [demonic ancestry]
   233 | D:1      | Reached XP level 2. HP: 17/24 MP: 4/4
   697 | D:2      | Reached skill level 4 in Invocations
   732 | D:2      | Gained mutation: Your flesh is heat resistant. (rF+) [demonic ancestry]
   732 | D:2      | Reached XP level 3. HP: 7/29 MP: 6/6
  1018 | D:2      | Noticed Sigmund
  1065 | D:1      | HP: 1/29 [poisoned by an adder]
  1067 | D:1      | Succumbed to an adder's poison

Skill      XL: |  1  2 |
---------------+-------+-----
Invocations    | 3 4 |  4.5
Axes           | 2 |  2.5
Fighting       | |  3.0
Armour         | |  1.7
Dodging        | |  0.8

Action                   || total
-------------------------++-------
Melee: Hand axe          ||   110
  Use: Potion            ||     2
Armor: Chain mail        ||   122
       Leather armour    ||     1
Dodge: Dodged            ||    40
